[Event "*** Titled Tuesday Blitz AM"]
[Site "Chess.com"]
[Date "2020.01.07"]
[Round "4"]
[White "IMRosen"]
[Black "MathiasWomacka"]
[Result "1-0"]
[WhiteElo "2568"]
[BlackElo "2348"]
[TimeControl "180+2"]
[EndTime "9:54:28 PST"]
[Termination "IMRosen won by resignation"]

1. d4 Nf6 2. Bf4 c5 3. e3 e6 4.
Nf3 d5 5. Nbd2 Bd6 6. Bg3 O-O 7. c3 Qc7 8. dxc5 Qxc5 9. Bd3 Qc7 10. Qa4 e5 11. e4 Nc6 12. exd5 Nxd5 13. Qh4 h6 14.
O-O f5 15. Nc4 f4 16. Nxd6 Qxd6 17. Rad1 fxg3 18. Be4 gxf2+ 19. Rxf2 Be6 20. c4 Nd4 21. cxd5 Bxd5 22. Nxd4 Bxe4 23. Qxe4 Rxf2 24. Kxf2 Rd8 25. Qxb7 exd4 26. Qb3+ Kh8 27. Qg3 Qb6 28. Qb3 Qxb3 29.
axb3 Rb8 30. Rd3 Kg8 31. Kf3 Kf7 32. Ke4 Rb4 33. Ke5 a5 34. g3 h5 35. h4 Kg6 36.
Ke6 Rb6+ 37. Kd5 Rb4 38. Ke5 Kf7 39. Kf5 Rb5+ 40. Ke4 Rb4 41. Kd5 Kf6 42. Rf3+ Kg6 43. Ke6 a4 44. bxa4 Rxa4 45. Rd3 Rb4 46. b3 Kh6 47. Kd5 Kg6 48. Kc5 Rb8 49. Kxd4 Kf5 50. Kc4 Ke4 51. Rd7 Rc8+ 52. Kb5 g5 53. hxg5 Kf3 54.
Rd3+ Kg4 55. b4 Kxg5 56. Ka6 Ra8+ 57. Kb7 Ra1 58. b5 Kg4 59. b6 Rg1 60. Ka7 Rxg3 61. Rxg3+ Kxg3 62. b7 h4 63. b8=Q+ Kg2 64. Qb7+ Kg3 65.
Qh1 1-0

[Event "*** Titled Tuesday Blitz AM"]
[Site "Chess.com"]
[Date "2020.01.07"]
[Round "4"]
[White "wild_cat99"]
[Black "bhavesh1810"]
[Result "1/2-1/2"]
[WhiteElo "2411"]
[BlackElo "2019"]
[TimeControl "180+2"]
[EndTime "9:54:35 PST"]
[Termination "Game drawn by agreement"]

1. e4 c5 2. Nf3 d6 3. d4 cxd4 4. Nxd4 Nf6 5. f3 e5 6. Bb5+ Bd7 7. Bxd7+ Qxd7 8. Nf5 d5 9. Bg5 dxe4 10. Bxf6 Qxd1+ 11. Kxd1 gxf6 12. fxe4 Nc6 13. Ke2 O-O-O 14. c3 Rg8 15. g3 h5 16. Nd2 Rg4 17. h3 Rg6 18. Nc4 Kc7 19. Nce3 Bc5 20. Nd5+ Kb8 21. b4 Bf8 22.
Rhf1 a6 23. Rf3 a5 24. a3 Rd7 25. Nh4 Rg5 26. Nxf6 Re7 27. Nd5 Rd7 28. Raf1 Nd8 29. Nf5 axb4 30. axb4 Ne6 31. Nfe3 Nd8 32. Nc4 Bg7 33.
Ncb6 Rd6 34. c4 Nc6 35. Rxf7 Nd4+ 36. Kf2 Rgg6 37. Kg2 Rxb6 38. Nxb6 Rxb6 39. Rxg7 Rxb4 40. Rg5 Nc6 41. Rxh5 Rxc4 42. Rh8+ Kc7 43. Ra1 Rxe4 44. h4 b5 45. h5 b4 46. h6 Re2+ 47. Kf3 Rh2 48. h7 Kb6 49. Ke4 b3 50. Rb1 b2 51.
Rxb2+ Rxb2 52. Rb8+ Nxb8 53. h8=Q Nc6 54. g4 Rb4+ 55. Kf5 Rf4+ 56. Kg5 Kc5 57. Qc8 Kd5 58. Qd7+ Kc5 59. Kh6 Rf6+ 60. Kg7 Rd6 61. Qb7 e4 62. g5 Kd4 63. g6 Ne5 64. Qb4+ Kd5 65. Qb3+ Kd4 66. Qd1+ Kc5 67. Qc2+ Kd4 68. Qa4+ Kd5 69.
Qa2+ Kd4 70. Qf2+ Kd5 71. Qd2+ Kc6 72. Qc3+ Kd5 73. Qa5+ Kd4 74. Qa4+ Kd5 75. Qa8+ Kd4 1/2-1/2

[Event "*** Titled Tuesday Blitz AM"]
[Site "Chess.com"]
[Date "2020.01.07"]
[Round "4"]
[White "Yaacovn"]
[Black "chigorin28"]
[Result "1-0"]
[WhiteElo "2809"]
[BlackElo "2403"]
[TimeControl "180+2"]
[EndTime "9:54:39 PST"]
[Termination "Yaacovn won on time"]

1. d4 Nf6 2. Nf3 c5 3. c3 e6 4. Bg5 cxd4 5. cxd4 d5 6. Nc3 Be7 7. e3 O-O 8. Bd3 Nc6 9. O-O h6 10. Bh4 Bd7 11. Rc1 Rc8 12. a3 Ne8 13. Bg3 Bd6 14. Bxd6 Nxd6 15. Qe2 f5 16. Rc2 Be8 17. Ne5 Nxe5 18.
dxe5 Nc4 19. Bxc4 Rxc4 20. Rd1 Qb6 21. Rcd2 Qc7 22. f4 Ba4 23. Rc1 Bd7 24. Rd4 Rc8 25. Qd2 Rc5 26. Rd1 Be8 27. Qe1 Bh5 28.
R1d2 a6 29. h3 b5 30. Kh2 a5 31. Rf2 Be8 32. Rd1 Rc4 33. Ne2 Bh5 34. Rd2 Bxe2 35.
Qxe2 b4 36. axb4 axb4 37. Qd3 Qc5 38. g3 Re4 39. Rfe2 Rc4 40. Kg2 Rc1 41. g4 g6 42.
gxf5 gxf5 43. Kh2 Kf7 44. Rg2 Qc4 45. Qd4 Qxd4 46. Rxd4 R8c4 47. Rd3 R1c2 48. Rb3 Ke7 49. Rxc2 Rxc2+ 50. Kg3 Rc4 51. Rd3 Rc2 52. Rb3 Rc4 53. Kf3 Kf7 54. Rd3 Rc2 55. Rb3 Rc4 56. Ke2 Kg6 57.
Kd2 Kh5 58. Rd3 Kh4 59. b3 Rc5 60. Rd4 Rb5 61. Ke2 Kg3 62. Rd1 Kg2 63. Rc1 Rb6 64.
Rc7 Kxh3 65. Kf3 h5 66. Rd7 Rc6 67. Rb7 Rc3 68. Rxb4 h4 69. Kf2 Rc2+ 70. Kf3 Kh2 71. Rb6 h3 72. Rxe6 Kg1 73. Ra6 Rf2+ 74. Kg3 Rf1 75.
Kxh3 Rf3+ 76. Kh4 Rxe3 77. Kg5 d4 78. Rd6 d3 79. Kxf5 Kf2 80. e6 Ke2 81. Kf6 Kf3 82. f5 Kf4 83. Rd4+ Kg3 84. e7 Kf2 85. Rxd3 1-0

[Event "*** Titled Tuesday Blitz AM"]
[Site "Chess.com"]
[Date "2020.01.07"]
[Round "4"]
[White "ferdipy"]
[Black "Megagigahiper3345"]
[Result "0-1"]
[WhiteElo "2238"]
[BlackElo "2431"]
[TimeControl "180+2"]
[EndTime "9:54:46 PST"]
[Termination "Megagigahiper3345 won by resignation"]

1. e4 g6 2. d4 Bg7 3. Nc3 d6 4.
Be3 a6 5. f3 b5 6. a3 Nd7 7.
Qd2 Bb7 8. Nh3 Rc8 9. Nf2 c5 10. Be2 cxd4 11. Bxd4 Bxd4 12. Qxd4 Ngf6 13. h4 h5 14. g4 Qb6 15. Qxb6 Nxb6 16. g5 Nfd7 17. O-O-O O-O 18. f4 Rxc3 19. bxc3 Rc8 20. Rd3 Nc5 21.
Re3 Nca4 22. Kd2 d5 23. Rhh3 dxe4 24. Nxe4 Bxe4 25. Rxe4 e6 26. Rd4 Nc5 27. c4 e5 28.
fxe5 Ne6 29. Rd6 Nxc4+ 30. Bxc4 Rxc4 31. Rxa6 Nc5 32. Rb6 Rd4+ 33. Kc1 Re4 34. Rxb5 Rxe5 35. a4 Rf5 36. Ra3 Kg7 37. a5 Nd3+ 38. cxd3 Rxb5 39.
a6 Rb8 40. a7 Ra8 41. Kc2 f6 42. gxf6+ Kxf6 43. Kc3 g5 44. Ra6+ Kf5 45. Ra5+ Kf4 46. hxg5 h4 47. g6 h3 48. g7 h2 49. g8=Q Rxg8 50. Rh5 Kg3 51. d4 Ra8 52. Rg5+ Kf4 53.
Rh5 Kg3 54. Rh7 Rxa7 55. Rxa7 h1=Q 56. Rg7+ Kf4 57. Rf7+ Ke4 58. Re7+ Kd5 59. Re5+ Kd6 60. Re3 Qc1+ 61. Kd3 Qd1+ 62. Kc3 Kd5 63. Rd3 Qc1+ 64. Kb3 Qc4+ 0-1

[Event "*** Titled Tuesday Blitz AM"]
[Site "Chess.com"]
[Date "2020.01.07"]
[Round "4"]
[White "Atanejhad"]
[Black "Hydrargyrum_Girl"]
[Result "1-0"]
[WhiteElo "2417"]
[BlackElo "2199"]
[TimeControl "180+2"]
[EndTime "9:54:46 PST"]
[Termination "Atanejhad won by resignation"]

1. e4 e5 2. Nf3 Nc6 3. Bb5 a6 4.
Ba4 Nf6 5. O-O b5 6. Bb3 Be7 7. Re1 O-O 8. a4 b4 9. d4 d6 10. dxe5 dxe5 11. h3 h6 12. a5 Bb7 13.
Nbd2 Bc5 14. c3 bxc3 15. bxc3 Rb8 16. Qe2 Qd7 17. Bc4 Ra8 18. Nf1 Rfd8 19. Ng3 Bf8 20. Nf5 Kh7 21. Nh2 g6 22. Ng3 Bg7 23. Be3 h5 24. Bg5 Re8 25. Bxf6 Bxf6 26. Rad1 Qe7 27. Nxh5 gxh5 28. Qxh5+ Kg8 29. Qg4+ Bg7 30. Rd7 Qf6 31. Rxf7 Qxf7 32. Bxf7+ Kxf7 33. Qh5+ Kg8 34. Ng4 Re6 35. Rd1 Rd8 36. Rxd8+ Nxd8 37. Qf5 Re8 38. Qg6 Re6 39. Qg5 Nf7 40. Qf5 Re7 41. Ne3 Nd6 42. Qg5 Re8 43. f3 Nf7 44. Qg3 Kf8 45. Nf5 Bf6 46. Qg4 Ng5 47. Qh5 Bc8 48. Qh6+ Kf7 49. h4 Ne6 50. Qh5+ Kf8 51. Qh7 Ng7 52. Nh6 Ke7 53. Nf5+ Kf7 54. h5 Bxf5 55. exf5 Rg8 56. h6 Kf8 57. hxg7+ Rxg7 58. Qh8+ Kf7 59. Qc8 Ke7 60.
Qe6+ Kf8 61. Qxf6+ Rf7 62. Qxe5 Re7 63. Qh8+ Kf7 64. g4 Re8 65. Qh7+ Kf6 66. Qg6+ Ke7 67. Qe6+ Kd8 68. Qxe8+ Kxe8 69. g5 Kf7 70. f6 Kg6 71. f4 Kf7 72. f5 1-0

[Event "*** Titled Tuesday Blitz AM"]
[Site "Chess.com"]
[Date "2020.01.07"]
[Round "4"]
[White "RojonR"]
[Black "julinha97"]
[Result "1-0"]
[WhiteElo "2455"]
[BlackElo "2212"]
[TimeControl "180+2"]
[EndTime "9:55:09 PST"]
[Termination "RojonR won by resignation"]

1. e4 c5 2. Nf3 d6 3. d4 cxd4 4. Qxd4 a6 5. Be3 Nc6 6. Qd2 Nf6 7. Nc3 g6 8. O-O-O Bg7 9. e5 dxe5 10. Qxd8+ Nxd8 11. Nxe5 O-O 12. Be2 h5 13. h3 Be6 14.
Bf3 Rc8 15. Bb6 Nc6 16. Nxc6 bxc6 17. Bc5 Rfe8 18. Rhe1 Nd7 19. Na4 Nxc5 20. Nxc5 Bf5 21. g4 hxg4 22. hxg4 Be6 23. Nxe6 fxe6 24. Rxe6 Rf8 25.
Rd3 Bh6+ 26. Kd1 Rf6 27. Rxf6 exf6 28. Rd6 Kf7 29. Rxc6 Rxc6 30. Bxc6 Ke6 31. Ke2 Bf4 32. Be4 f5 33. gxf5+ gxf5 34. Bd3 a5 35. b3 Be5 36. c4 Bd4 37. f3 f4 38. Bc2 Kd6 39.
Kd3 Kc5 40. a3 Be3 41. Bd1 Bc1 42. Ke4 Be3 43. Be2 Bc1 44. Ke5 Be3 45. Bd3 Bc1 46. Bg6 Be3 47. Bf7 Bc1 48. Ke4 Be3 49. Bg6 Bc1 50. Ke5 Be3 51. Bc2 Bc1 52. Bd1 Be3 53. Ke4 Bc1 54. Be2 Be3 55. a4 Bd2 56. Bd1 Be3 57.
Ke5 Bd2 58. Ke6 Be3 59. Kd7 Kb6 60. Kd6 Bf2 61. Kd5 Be3 62. b4 axb4 63. Bb3 Bf2 64. c5+ Bxc5 65. a5+ Kb5 66. Bc4+ Kxa5 67. Kxc5 Ka4 68.
Kd4 b3 69. Ke4 b2 70. Bd3 1-0

[Event "*** Titled Tuesday Blitz AM"]
[Site "Chess.com"]
[Date "2020.01.07"]
[Round "4"]
[White "heyiampotato"]
[Black "Vuk2000"]
[Result "1-0"]
[WhiteElo "2497"]
[BlackElo "2685"]
[TimeControl "180+2"]
[EndTime "9:55:12 PST"]
[Termination "heyiampotato won by resignation"]

1. d4 Nf6 2. c4 e6 3. Nf3 b6 4. a3 Bb7 5. Nc3 d5 6. Bg5 Be7 7. e3 O-O 8. Rc1 Nbd7 9. cxd5 exd5 10. Be2 Ne4 11. Bxe7 Qxe7 12. O-O a6 13. Qb3 Nxc3 14.
Rxc3 c5 15. dxc5 Nxc5 16. Qxb6 Rac8 17. Qb4 Rc7 18. Rfc1 Rfc8 19. Nd4 g6 20. h3 Kg7 21.
Qa5 Kg8 22. Bg4 f5 23. Bf3 Qd6 24. g3 h5 25. h4 Kh8 26. Kg2 Kg8 27. Qb4 Qe7 28.
Qb6 Kf7 29. Qb4 Kg8 30. Nb3 Nxb3 31. Qxe7 Rxe7 32. Rxc8+ Kf7 33. R1c3 Bxc8 34. Rxc8 Rd7 35. Rc3 Na5 36. Rc5 Nb7 37. Rxd5 Re7 38. b4 Ke6 39. Rd4 Nd6 40. Bd5+ Ke5 41. Bf3 Rc7 42. Rd5+ Ke6 43.
Ra5 Ra7 44. Be2 Rc7 45. Rxa6 Rc2 46. Bd3 Rd2 47. Bc4+ Ke5 48. Ra5+ Kf6 49. Ra6 Kg7 50. Ra7+ Kf6 51. Ra6 Ke7 52. Ra7+ Kf8 53. Ra8+ Ke7 54. Ra7+ Ke8 55. Ra8+ Kd7 56. Ra7+ Kd8 57. Ra8+ Kc7 58.
Bf1 Ne4 59. Ra7+ Kd8 60. Rg7 Rxf2+ 61. Kg1 Rf3 62. Rxg6 Rxe3 63. Rg8+ Ke7 64. a4 Nxg3 65. Kf2 f4 66. b5 Ra3 67. Ra8 Ne4+ 68. Kg1 f3 69. b6 Rb3 70. a5 Rb2 71. Ra7+ Kd6 72. b7 Ng3 73. a6 f2+ 74. Kg2 Nf5 75. Ra8 Ne3+ 76. Kf3 Nxf1 77. b8=Q+ 1-0

[Event "*** Titled Tuesday Blitz AM"]
[Site "Chess.com"]
[Date "2020.01.07"]
[Round "4"]
[White "Anton_Demchenko"]
[Black "nouma78"]
[Result "1/2-1/2"]
[WhiteElo "2970"]
[BlackElo "2530"]
[TimeControl "180+2"]
[EndTime "9:55:27 PST"]
[Termination "Game drawn - insufficient material"]

1. d4 Nf6 2. Nf3 g6 3. Bf4 Bg7 4. Nbd2 c5 5. dxc5 Qa5 6. c3 Qxc5 7. e3 d6 8. Be2 Qc7 9. O-O Nc6 10. h3 O-O 11.
Bh2 a6 12. a4 Bd7 13. Nc4 b5 14. axb5 axb5 15. Na3 b4 16. Nb5 Qb7 17. c4 Ne4 18. Qc2 Nc5 19. Rxa8 Rxa8 20. Nfd4 Nxd4 21. exd4 Bf5 22.
Qd2 Ne6 23. Re1 Ra2 24. Bf3 Qb6 25. Rd1 b3 26. Nc3 Bc2 27. c5 dxc5 28. Nd5 Qa5 29. Qxa5 Rxa5 30. Re1 Bxd4 31. Nxe7+ Kg7 32. Nc6 Ra2 33.
Bd5 Bxb2 34. Ne5 Ra1 35. Rxa1 Bxa1 36. Nc4 Nd4 37. Bd6 b2 38. Nxb2 Bxb2 39. Bxc5 Nf5 40. g4 Bd4 41. Bb4 Nh4 42. Kf1 Bd1 43. f4 Bf3 44.
Bxf3 Nxf3 45. Kg2 Nh4+ 46. Kg3 f6 47. Be1 g5 48. Bd2 Kg6 49. f5+ Nxf5+ 50. gxf5+ Kxf5 51.
h4 g4 52. h5 Be5+ 53. Kh4 Bf4 54. Bc3 Bg5+ 55. Kg3 Bf4+ 56. Kh4 g3 57. Kh3 Kg5 58. h6 f5 59. Bg7 Kh5 60. Bf6 Bxh6 61. Kxg3 Kg6 62.
Be5 Bg5 63. Kh3 h5 64. Kg3 Kf7 65. Kf3 Ke6 66. Bb8 h4 67. Bc7 Kd5 68. Bb8 Kc4 69. Bd6 Kd3 70. Bc7 Bf6 71. Bb8 Kd2 72.
Kf4 Be7 73. Kxf5 Ke2 74. Kg4 h3 75. Kxh3 1/2-1/2

[Event "*** Titled Tuesday Blitz AM"]
[Site "Chess.com"]
[Date "2020.01.07"]
[Round "4"]
[White "sganerdene"]
[Black "Redbandit87"]
[Result "1-0"]
[WhiteElo "2650"]
[BlackElo "2368"]
[TimeControl "180+2"]
[EndTime "9:55:28 PST"]
[Termination "sganerdene won by checkmate"]

1. e4 e5 2. Nf3 Nc6 3. Nc3 Nf6 4. Bb5 Bc5 5. O-O O-O 6. Nxe5 Nxe5 7. d4 Bd6 8. f4 Ng6 9. e5 Bb4 10. exf6 Qxf6 11.
f5 Bxc3 12. bxc3 Ne7 13. Qg4 h6 14. h4 d6 15. Bg5 hxg5 16. hxg5 Bxf5 17. gxf6 Bxg4 18.
fxe7 Rfe8 19. Bxe8 Rxe8 20. a4 a5 21. Rae1 Bd7 22.
c4 b6 23. c5 dxc5 24. dxc5 Bxa4 25. cxb6 cxb6 26. Rf4 Bxc2 27. Rc4 Bf5 28. Rc6 f6 29. Rxb6 Kf7 30. Rb5 Be6 31. Rxa5 Rxe7 32. Rd1 Bg4 33. Rd4 Be6 34. Re4 Rb7 35. Ra6 Bd5 36. Rg4 Rb1+ 37.
Kh2 Rb7 38. Rd6 Be6 39. Re4 Bf5 40. Re3 Ra7 41. Kg3 Bd7 42. Rc3 Be6 43. Kf4 Ra4+ 44. Ke3 Ra7 45. Kd4 Ra4+ 46. Kc5 Rg4 47. g3 Bf5 48.
Kb6 Kg6 49. Rd8 Be6 50. Re8 Bf7 51. Re7 Ba2 52. Kc5 Bb1 53. Kd6 Kh6 54. Ke6 Re4+ 55. Kf7 Ba2+ 56. Kf8 Ra4 57. Rc8 g6 58. Re1 Ra7 59.
Rc5 f5 60. Ra1 Ra6 61. Ke7 Kg5 62. Rc3 Kg4 63. Rc2 Re6+ 64. Kd7 Re3 65. Raxa2 Rxg3 66.
Ke6 f4 67. Rf2 g5 68. Kf6 Rg1 69. Ra5 Kh4 70. Ra3 Kg4 71. Rc2 Kh4 72. Rc5 Rg3 73.
Raa5 f3 74. Rcb5 f2 75. Rf5 Rg2 76. Ra3 Rh2 77. Kg6 Rg2 78. Raf3 g4 79. Rh5# 1-0

[Event "*** Titled Tuesday Blitz AM"]
[Site "Chess.com"]
[Date "2020.01.07"]
[Round "4"]
[White "LLRChess"]
[Black "Orest_Vovk"]
[Result "1/2-1/2"]
[WhiteElo "2307"]
[BlackElo "2414"]
[TimeControl "180+2"]
[EndTime "9:55:28 PST"]
[Termination "Game drawn - insufficient material"]

1. e4 Nc6 2. d4 e5 3. dxe5 Nxe5 4. Nf3 Nxf3+ 5. Qxf3 Qf6 6. Qg3 Bb4+ 7. c3 Bc5 8.
Bc4 d6 9. O-O Ne7 10. Bg5 Qg6 11. b4 Bb6 12. Nd2 h6 13. Bf4 Qxg3 14. Bxg3 Be6 15. a4 a5 16. Bxe6 fxe6 17. Nc4 Nc8 18.
Rfb1 axb4 19. a5 Bc5 20. cxb4 Bd4 21. Ra3 e5 22. Kf1 Kd7 23. f3 Ne7 24. b5 g5 25.
Bf2 Bxf2 26. Kxf2 Ng6 27. Rd1 Ke7 28. b6 cxb6 29. Nxb6 Ra6 30. Rc1 Rd8 31. Rc7+ Kf8 32. Rxb7 Ne7 33. Ke3 Nc6 34. Nc4 d5 35. Rb6 d4+ 36.
Kd2 Rda8 37. Rxa6 Rxa6 38. Kd3 Nb4+ 39. Kd2 Nc6 40. Ra4 Ke7 41. Ra1 Ke6 42. Ke2 h5 43.
Rb1 Kd7 44. Rb6 Ra7 45. a6 Kc7 46. Kd3 Nb8 47. Rh6 Nc6 48. Rh7+ Kb8 49. Rxa7 Kxa7 50.
Nxe5 Nxe5+ 51. Kxd4 Ng6 52. g3 g4 53. fxg4 hxg4 54. e5 Kxa6 55. Ke4 Kb6 56. Kf5 Ne7+ 57. Kxg4 Kc6 58. Kg5 Kd7 59. h4 Ke6 60. h5 Kf7 61. h6 Kg8 62. Kf6 Nd5+ 63. Ke6 Ne3 64. Kd7 Kh7 65. e6 Kxh6 66. e7 Nd5 67. e8=Q Nf6+ 68.
Ke7 Nxe8 69. Kxe8 Kg5 70. Kf7 Kg4 71. Kf6 Kxg3 1/2-1/2

[Event "*** Titled Tuesday Blitz AM"]
[Site "Chess.com"]
[Date "2020.01.07"]
[Round "4"]
[White "vinniethepooh"]
[Black "AntonSmirnov"]
[Result "0-1"]
[WhiteElo "2602"]
[BlackElo "2895"]
[TimeControl "180+2"]
[EndTime "9:55:29 PST"]
[Termination "AntonSmirnov won by resignation"]

1. d4 d5 2. c4 c6 3. Nc3 dxc4 4. e3 b5 5. a4 b4 6. Ne4 Qd5 7. Nd2 c3 8. bxc3 bxc3 9. Nb1 Qa5 10. Qc2 Na6 11. Qxc3 Nb4 12. Bd2 e6 13. Nf3 Nf6 14. Bd3 Ba6 15. Bxa6 Qxa6 16. Ne5 Be7 17. Na3 O-O 18. Qc4 Qxc4 19. Nexc4 Rab8 20. Ke2 Nbd5 21. Rhc1 Rb3 22. f3 Rc8 23. Rcb1 Rcb8 24. Rxb3 Rxb3 25. Rb1 Rxb1 26. Nxb1 c5 27. e4 Nc7 28. dxc5 Bxc5 29.
Be3 Nd7 30. Nc3 Kf8 31. Bf4 Na6 32. Bd6+ Ke8 33. Bxc5 Naxc5 34. Nd6+ Kf8 35. a5 Nb8 36. Ncb5 Nc6 37. Nc8 a6 38. Nc7 Nxa5 39. Kd2 Nc6 40. Kc3 a5 41. Kc4 a4 42. Nb5 Nb3 43. Nb6 Nd2+ 44.
Kc5 Ne5 45. Nxa4 Nd3+ 46. Kd4 Ne1 47. Ke3 Nc4+ 48. Kf2 Nd3+ 49. Kg3 Ne3 50. Nac3 Nf1+ 51. Kh4 Nxh2 52. Nd4 Nf1 53. g3 h6 54. Kh3 Ne3 55. g4 Nf4+ 56. Kg3 g5 57. Kf2 Nc4 58. Nce2 Nd3+ 59. Kg3 Ke7 60. Nc6+ Kd6 61. Nd8 Ke7 62. Nc6+ Kf6 63. Ncd4 Nd2 64. Kg2 Nc4 65. Kg3 Ne3 66. Nc6 Nc2 67. Kg2 Ncb4 68. Ncd4 Ke5 69. Nb3 Nf4+ 70.
Kf2 Nxe2 71. Kxe2 Kf4 72. Nc5 Nc6 73. Kf2 Ne5 74. Ke2 Nxf3 75. Nd3+ Kxe4 76. Nf2+ Kf4 77. Nh3+ Kxg4 78. Nf2+ Kf4 79. Nd3+ Kg3 0-1

[Event "*** Titled Tuesday Blitz AM"]
[Site "Chess.com"]
[Date "2020.01.07"]
[Round "4"]
[White "alishersuleymenov"]
[Black "mishanick"]
[Result "0-1"]
[WhiteElo "2810"]
[BlackElo "2973"]
[TimeControl "180+2"]
[EndTime "9:55:34 PST"]
[Termination "mishanick won by resignation"]

1. d4 Nf6 2. Nf3 d5 3. c3 e6 4. Bf4 c5 5. e3 Qb6 6. Qb3 c4 7. Qc2 Nh5 8. Be5 Nc6 9. Nbd2 Nxe5 10. dxe5 f5 11. exf6 Nxf6 12. b3 cxb3 13. axb3 Bd6 14.
Bd3 O-O 15. O-O Qc7 16. e4 Bd7 17. Rfe1 Bc5 18. h3 h6 19. exd5 exd5 20. Re5 Rac8 21. c4 Bd4 22. Rae1 Bxe5 23. Nxe5 Rce8 24. f4 Qc5+ 25. Kh1 Bc6 26. Re2 Qd4 27. Ndf3 Qxf4 28. Ng6 Rxe2 29. Bxe2 Qe4 30. Bd3 Qe3 31. Nxf8 Kxf8 32. cxd5 Nxd5 33. Bc4 Nf6 34. Qg6 Qc1+ 35. Kh2 Be8 36. Qf5 Qe3 37. Ne5 Qb6 38. Qf4 Qd8 39.
Kh1 b5 40. Bxb5 Bxb5 41. Qb4+ Kg8 42. Qxb5 Qd1+ 43. Kh2 Qd6 44. Kh1 Kh7 45. Qe2 Qd4 46. Nf3 Qd5 47. Qc2+ Kg8 48. Qc8+ Kh7 49. Qc2+ Qe4 50.
Qf2 a5 51. Qd2 Qf5 52. Kh2 Ne4 53. Qd4 Qf4+ 54. Kg1 Qc1+ 55. Kh2 Qc7+ 56. Kg1 Nc5 57. Ne5 Ne6 58. Qe4+ Kg8 59. Nc4 Qc5+ 60. Kh1 Kf7 61. Qf3+ Ke7 62. Qb7+ Kf6 63. Qf3+ Ke7 64. Qc3 Qb4 65. Qe3 a4 66. Ne5 Qxb3 67. Qa7+ Kd6 68. Nf7+ Kc6 69. Qa6+ Kd7 70. Ne5+ Ke7 71. Qa7+ Kd6 72.
Nf7+ Kd5 73. Qd7+ Ke4 74. Qd6 a3 75. Qe5+ Kd3 76. Nd6 a2 77. Kh2 Kc2 78. Ne4 Qc4 79. Nf2 Qf4+ 0-1

[Event "*** Titled Tuesday Blitz AM"]
[Site "Chess.com"]
[Date "2020.01.07"]
[Round "4"]
[White "talento10"]
[Black "nonscitis"]
[Result "1/2-1/2"]
[WhiteElo "2256"]
[BlackElo "2565"]
[TimeControl "180+2"]
[EndTime "9:55:48 PST"]
[Termination "Game drawn by stalemate"]

1. e4 c5 2. Nf3 Nc6 3. d4 cxd4 4. Nxd4 g6 5. c4 Bg7 6. Be3 Nf6 7. Nc3 O-O 8. f3 d6 9. Be2 Nxd4 10. Bxd4 a5 11. Na4 Bd7 12. Nb6 Ra6 13. Nd5 Nxd5 14. cxd5 Bxd4 15.
Qxd4 Rb6 16. O-O-O Rb4 17. Qe3 Ba4 18. b3 Bb5 19.
Bxb5 Rxb5 20. a3 Qd7 21. Kb2 Rc8 22. Rc1 Rbc5 23. Rxc5 dxc5 24. Rc1 Qd6 25. f4 b5 26.
g3 c4 27. Qd4 Qc7 28. a4 Qd7 29. axb5 Qxb5 30. Rxc4 Rb8 31. Qc3 a4 32. Rc8+ Rxc8 33. Qxc8+ Kg7 34. Qc3+ f6 35. Qc4 Qb6 36. Qxa4 Qf2+ 37.
Ka3 Qxh2 38. Qb4 Kf7 39. Qc3 h5 40. b4 h4 41. gxh4 Qxh4 42. Qe3 Qh1 43. Kb2 Qg2+ 44. Kb3 Qf1 45. b5 Qxb5+ 46. Kc3 Qf1 47. Kd2 Qg2+ 48. Kc3 g5 49. fxg5 fxg5 50. Kd4 g4 51.
e5 Qb2+ 52. Ke4 Qg2+ 53. Kf5 Qf3+ 54. Qf4 Qxd5 55. Kxg4+ Ke8 56. Kf5 Qf7+ 57. Ke4 Qc4+ 58. Ke3 Qc3+ 59. Ke2 Kd7 60. Qf5+ Kd8 61. Qf8+ Kd7 62.
Qf5+ Kd8 63. e6 Qc6 64. Ke3 Qd6 65. Ke4 Kc7 66. Qa5+ Qb6 67. Qc3+ Kb7 68. Qc4 Qc6+ 69. Qxc6+ Kxc6 70. Ke5 Kc5 71. Ke4 Kd6 72. Kf5 Kd5 73. Kf4 Kxe6 74. Ke4 Kd6 75. Kd4 Ke6 76. Ke4 Kd6 77.
Kd4 e6 78. Ke4 Ke7 79. Ke5 Kf7 80. Ke4 Kf6 81. Kf4 e5+ 82. Ke4 Ke6 83. Ke3 Kf5 84. Kf3 e4+ 85. Ke3 Ke5 86. Ke2 Kd4 87. Kd2 e3+ 88. Ke2 Ke4 89. Ke1 Kd3 90. Kd1 e2+ 91.
Ke1 Ke3 1/2-1/2

[Event "*** Titled Tuesday Blitz AM"]
[Site "Chess.com"]
[Date "2020.01.07"]
[Round "4"]
[White "Vugar_Manafov"]
[Black "Leonid_Starozhilov"]
[Result "1-0"]
[WhiteElo "2546"]
[BlackElo "2692"]
[TimeControl "180+2"]
[EndTime "9:56:00 PST"]
[Termination "Vugar_Manafov won by resignation"]

1. Nf3 Nf6 2. g3 g6 3. b3 Bg7 4. Bb2 O-O 5. Bg2 Ne8 6. Bxg7 Nxg7 7. d4 d6 8. O-O c6 9. c4 Nd7 10. Nc3 Nf6 11. h3 d5 12. Ne5 Be6 13. e3 Rc8 14.
Rc1 Nf5 15. Qe2 Nd6 16. Rfd1 Qa5 17. g4 Rfd8 18. c5 Nde4 19. Nxe4 Nxe4 20. f3 Nf6 21. Qd2 Qc7 22. b4 h5 23. a4 hxg4 24. hxg4 Kg7 25. Kf2 Rh8 26. Rh1 Nd7 27. Nd3 f6 28. Qc3 Bf7 29. f4 Rce8 30. Rxh8 Kxh8 31. Rh1+ Kg7 32.
Qd2 Rh8 33. Rxh8 Kxh8 34. Qb2 Kg7 35. Bf3 g5 36. Qa1 Bg6 37. f5 Qh2+ 38. Bg2 Qh4+ 39. Kf3 Bxf5 40. gxf5 Qe4+ 41. Ke2 Qxg2+ 42. Nf2 g4 43.
Qh1 Qxh1 44. Nxh1 Kh6 45. Ng3 Kg5 46. Kf2 Nb8 47. b5 Nd7 48. e4 dxe4 49. Ke3 Kh4 50. Nxe4 Kh3 51. Kf4 Kh4 52. d5 cxd5 53. c6 bxc6 54.
bxc6 Nb6 55. a5 Nc8 56. Nc3 g3 57. Kf3 Kh3 58. Nxd5 Kh2 59. Ne3 Kh3 60. c7 Nd6 61. Ng2 Nc8 62. Nf4+ Kh2 63. Ng2 Nd6 64. Ne3 Kh3 65. a6 Nc8 66. Ke4 g2 67. Nxg2 Kxg2 68. Kd5 Kf3 69. Kc6 Kf4 70. Kb7 Nd6+ 71. Kxa7 Kxf5 72. Kb8 e5 73. a7 e4 74. a8=Q e3 75.
Qd5+ 1-0

[Event "*** Titled Tuesday Blitz AM"]
[Site "Chess.com"]
[Date "2020.01.07"]
[Round "4"]
[White "RaunakSadhwani2005"]
[Black "Sanan_Sjugirov"]
[Result "0-1"]
[WhiteElo "2763"]
[BlackElo "2956"]
[TimeControl "180+2"]
[EndTime "9:56:14 PST"]
[Termination "Sanan_Sjugirov won by resignation"]

1. d4 Nf6 2. Nc3 d5 3. Bf4 e6 4.
Nb5 Na6 5. e3 c6 6. Nc3 Bb4 7.
Bd3 c5 8. Bxa6 bxa6 9. Ne2 cxd4 10. exd4 a5 11. O-O Ba6 12. Re1 O-O 13. a3 Be7 14. Nc1 Qb6 15. Nb3 Rac8 16. Nc5 Qc6 17. Nxa6 Qxa6 18. Qe2 Qb6 19. Rab1 Qxd4 20. Be3 Qc4 21.
Bxa7 Bxa3 22. Nb5 Be7 23. c3 Qxe2 24. Rxe2 Bc5 25. Ra1 Bxa7 26. Nxa7 Rc5 27. b4 axb4 28. cxb4 Rc3 29. b5 Rb3 30. Rc2 g5 31. Rcc1 Ra8 32. f3 Kg7 33. Kf2 g4 34. Rc2 h5 35. Rca2 Nd7 36.
Ke2 Nb6 37. fxg4 hxg4 38. Ra3 Rb2+ 39. Kd3 Nc4 40. R3a2 Rb3+ 41. Kd4 Nd6 42. Kc5 Nxb5 43. Nxb5 Rc8+ 44. Kd6 Rxb5 45. Ra7 Rb6+ 46. Ke5 Rc4 47. Re1 Rbb4 48. Kd6 Re4 49. Rf1 Rf4 50. Re1 Rf2 51. g3 Rb6+ 52. Kc5 Rbb2 53. Rxe6 Rbc2+ 54. Kd6 d4 55. Re4 d3 56. Rxg4+ Kf6 57. Rd4 d2 58. Ra3 Rxh2 59. Rf3+ Kg5 60. Rfd3 f5 61. Ke6 Re2+ 62.
Kf7 Rc7+ 63. Kf8 Rc2 64. Kf7 Rc7+ 65. Kf8 Rh2 66. Kg8 Rc2 67. Kf7 Ra2 68. Ke6 Re2+ 69. Kd7 Re4 70. Rxd2 Rxd4+ 71. Rxd4 Ra3 72. Ke6 Rxg3 73.
Rd8 Re3+ 74. Kf7 f4 75. Rd5+ Kg4 76. Kg6 f3 77. Rg5+ Kf4 78. Rf5+ Kg3 79. Rg5+ Kf2 80. Kh5 Ke2 81. Ra5 f2 82. Ra2+ Kf3 0-1

[Event "*** Titled Tuesday Blitz AM"]
[Site "Chess.com"]
[Date "2020.01.07"]
[Round "4"]
[White "Andrii_Prydun"]
[Black "MarcoRiehle"]
[Result "0-1"]
[WhiteElo "2367"]
[BlackElo "2630"]
[TimeControl "180+2"]
[EndTime "9:56:28 PST"]
[Termination "MarcoRiehle won by resignation"]

1. d4 d5 2. c4 e6 3. Nf3 Nf6 4. g3 dxc4 5. Bg2 Bb4+ 6. Bd2 a5 7.
O-O O-O 8. Qc2 Bxd2 9. Nbxd2 b5 10. a4 c6 11. Ne5 Ra6 12. e3 Qc7 13. b3 cxb3 14.
Nxb3 b4 15. Rac1 Bb7 16. Nc5 Rb6 17. Nxb7 Qxb7 18. Nxc6 Nxc6 19. Bxc6 Qb8 20. Bb5 Nd5 21. Bd3 h6 22. Qb3 Nc3 23. Rc2 Rc6 24. Rfc1 Rfc8 25.
Bb5 R6c7 26. Ba6 Rd8 27. Bc4 Qa7 28. Bf1 Rdc8 29. h4 Rc6 30. Bd3 Qd7 31. Ra1 R6c7 32. Rb2 Nd5 33. Bb5 Qd6 34. Qd3 Rc3 35. Qe2 Rc1+ 36.
Rxc1 Rxc1+ 37. Kh2 Rc7 38. Qf3 Nc3 39. Qa8+ Kh7 40.
Bd3+ g6 41. Rc2 Nxa4 42. Ra2 Nc3 43. Rxa5 Qc6 44. h5 Qxa8 45. Rxa8 Nd1 46. hxg6+ fxg6 47. Kg2 Rf7 48. Ra6 Nxf2 49. Bc4 Ng4 50. Bxe6 Nxe3+ 51. Kh3 Re7 52. d5 Nc4 53. Rc6 Ne5 54. Rb6 Nf3 55.
Rxb4 Ng5+ 56. Kg4 Nxe6 57. dxe6 Rxe6 58. Rb7+ Kg8 59. Rb8+ Kg7 60. Rb7+ Kf6 61. Rb8 Re1 62. Rb6+ Re6 63. Rb5 h5+ 64. Kh3 Re3 65. Kh4 Re4+ 66. Kh3 Kg7 67. Rb6 Re3 68. Kh4 Kh6 69. Rc6 Re1 70. Kh3 Rf1 71. Kg2 Rf5 72. Rc4 Kg5 73. Rb4 Rc5 74. Kf3 Rc2 75. Rb5+ Kh6 76. Rb6 Ra2 77. Rb5 Ra6 78. Rc5 g5 79. Rb5 Kg6 80. Rc5 Ra3+ 81. Kf2 Ra2+ 82. Ke3 Rb2 83. Kf3 g4+ 84.
Ke3 Rg2 85. Rc6+ Kf7 86. Rc7+ Ke6 87. Rc6+ Kd5 88. Rh6 Rxg3+ 89. Kf4 Rf3+ 90. Kg5 g3 91. Kxh5 g2 0-1